 Dungeon Crawl Stone Soup version 0.22-a0-417-g1387785 (webtiles) character file.

158 galech the Skirmisher (level 5, 0/47 HPs)
             Began as a Gnoll Wanderer on May 14, 2018.
             Succumbed to a worker ant's poison
             ... on level 4 of the Dungeon.
             The game lasted 00:05:27 (2646 turns).

galech the Skirmisher (Gnoll Wanderer)              Turns: 2646, Time: 00:05:28

Health: 0/47       AC: 11    Str: 19    XL:     5   Next: 40%
Magic:  8/8        EV: 17    Int: 13    God:
Gold:   91         SH:  0    Dex: 22    Spells: 4/6 levels left

rFire    . . .     SeeInvis .   h - +0 mace
rCold    . . .     Gourm    .   (no shield)
rNeg     . . .     Faith    .   a - +2 scale mail
rPois    .         Spirit   .   (no helmet)
rElec    .         Reflect  .   (no cloak)
rCorr    .         Harm     .   i - +2 pair of gloves
MR       .....                  (no boots)
Stlth    ++........             (no amulet)
HPRegen  0.15/turn              (no ring)
MPRegen  0.11/turn              (no ring)

@: mighty, agile, lethally poisoned (0 -> -4), berserk cooldown, very slightly
contaminated, hasted and slowed, invisible
A: distributed training, fangs 1, strong nose
a: no special abilities


You were on level 4 of the Dungeon.
You were not hungry.

You visited 1 branch of the dungeon, and saw 4 of its levels.

You collected 91 gold pieces.

Inventory:

Hand Weapons
 h - a +0 mace (weapon)
Missiles
 m - 26 sling bullets
Armour
 a - a +2 scale mail (worn)
 i - a +2 pair of gloves (worn)
Scrolls
 c - 2 scrolls of teleportation
 g - 2 scrolls of identify
 l - a scroll of immolation {unknown}
 n - a scroll of remove curse
 o - a scroll of fog {unknown}
Comestibles
 f - 2 rations
 k - 4 chunks of flesh


   Skills:
 + Level 6.7 Fighting
 + Level 1.4 Short Blades
 + Level 1.4 Long Blades
 + Level 1.4 Axes
 + Level 1.4 Maces & Flails
 + Level 1.4 Polearms
 + Level 1.4 Staves
 + Level 1.4 Slings
 + Level 1.4 Bows
 + Level 2.9 Crossbows
 + Level 1.4 Throwing
 + Level 2.9 Armour
 + Level 2.9 Dodging
 + Level 1.4 Stealth
 + Level 1.4 Shields
 + Level 4.7 Unarmed Combat
 + Level 1.4 Spellcasting
 + Level 1.1 Conjurations
 + Level 1.1 Hexes
 + Level 1.1 Charms
 + Level 1.1 Summonings
 + Level 1.1 Necromancy
 + Level 1.1 Translocations
 + Level 1.1 Transmutations
 + Level 1.1 Fire Magic
 + Level 1.1 Ice Magic
 + Level 1.1 Air Magic
 + Level 1.1 Earth Magic
 + Level 1.1 Poison Magic
 + Level 1.6 Invocations
 + Level 4.7 Evocations


You had 4 spell levels left.
You knew the following spells:

 Your Spells              Type           Power        Failure   Level  Hunger
a - Blink                 Tloc           N/A          58%         2    ###....

Your spell library contained the following spells:

 Spells                   Type           Power        Failure   Level  Hunger
 Magic Dart               Conj           #...         45%         1    ##.....
 Conjure Flame            Conj/Fire      #.......     83%         3    ####...
 Slow                     Hex            #.......     58%         2    ###....
 Mephitic Cloud           Conj/Pois/Air  #.......     83%         3    ####...
 Call Imp                 Summ           #.......     58%         2    ###....


Dungeon Overview and Level Annotations

Branches:
Dungeon (4/15)
 Temple: D:4-7

Altars:
Qazlal


Innate Abilities, Weirdness & Mutations

Your experience applies equally to all skills.
You have very sharp teeth.
Your uncanny sense of smell can sniff out nearby items.


Message History

You feel sick.
It was a potion of haste.
You feel yourself speed up.
* * * LOW HITPOINT WARNING * * *
You feel sick.
It was a potion of agility.
You feel agile all of a sudden.
* * * LOW HITPOINT WARNING * * *
You feel sick.
It was a potion of invisibility.
You fade into invisibility!
* * * LOW HITPOINT WARNING * * *
You feel sick.
You are very lightly contaminated with residual magic.
You see here a scroll of identify.
g - 2 scrolls of identify (gained 1)
* * * LOW HITPOINT WARNING * * *
You feel sick.
You hear the slow hiss of a distant avalanche of sand.
You hear the slow rusting of a distant drain.
You die...

..... #####....
#.......#
#.......#
#.......#
#.......# ..
#.......# ...
#..@....#
..#######.......#
#..............#
#..............#
#.......####+###
#^......#
#......<#
#.......#
#.......#


There were no monsters in sight!

Vanquished Creatures
  A howler monkey (D:3)
  A worker ant (D:4)
  6 adders (D:2)
  An ooze (D:3)
  A dart slug (D:3)
  3 leopard geckos
  2 bats
  A giant cockroach (D:2)
  5 goblins
  6 hobgoblins
  2 quokkas
  2 frilled lizards
  3 kobolds
  5 rats
39 creatures vanquished.

Notes
Turn   | Place    | Note
-------+----------+-------------------------------------------
     0 | D:1      | galech the Gnoll Wanderer began the quest for the Orb.
     0 | D:1      | galech set off with: a +2 scale mail, a potion of lignification, a scroll of teleportation, a +0 dagger, a ration
     0 | D:1      | Reached XP level 1. HP: 23/23 MP: 3/3
   222 | D:1      | Reached XP level 2. HP: 29/29 MP: 5/5
   803 | D:2      | Reached XP level 3. HP: 12/35 MP: 6/6
  1111 | D:2      | Reached skill level 1 in Invocations
  1372 | D:2      | Found a stormy altar of Qazlal.
  1450 | D:2      | Reached skill level 1 in Short Blades
  1450 | D:2      | Reached skill level 1 in Long Blades
  1450 | D:2      | Reached skill level 1 in Axes
  1450 | D:2      | Reached skill level 1 in Maces & Flails
  1450 | D:2      | Reached skill level 1 in Polearms
  1450 | D:2      | Reached skill level 1 in Staves
  1450 | D:2      | Reached skill level 1 in Slings
  1450 | D:2      | Reached skill level 1 in Bows
  1450 | D:2      | Reached skill level 1 in Throwing
  1450 | D:2      | Reached skill level 1 in Stealth
  1450 | D:2      | Reached skill level 1 in Shields
  1450 | D:2      | Reached skill level 1 in Spellcasting
  1611 | D:2      | Reached XP level 4. HP: 25/41 MP: 7/7
  1733 | D:2      | Learned a level 2 spell: Blink
  2368 | D:3      | Reached skill level 1 in Conjurations
  2368 | D:3      | Reached skill level 1 in Hexes
  2368 | D:3      | Reached skill level 1 in Charms
  2368 | D:3      | Reached skill level 1 in Summonings
  2368 | D:3      | Reached skill level 1 in Necromancy
  2368 | D:3      | Reached skill level 1 in Translocations
  2368 | D:3      | Reached skill level 1 in Transmutations
  2368 | D:3      | Reached skill level 1 in Fire Magic
  2368 | D:3      | Reached skill level 1 in Ice Magic
  2368 | D:3      | Reached skill level 1 in Air Magic
  2368 | D:3      | Reached skill level 1 in Earth Magic
  2368 | D:3      | Reached skill level 1 in Poison Magic
  2368 | D:3      | Reached XP level 5. HP: 41/47 MP: 8/8
  2641 | D:4      | HP: 2/47 [poisoned by a worker ant]
  2646 | D:4      | Succumbed to a worker ant's poison

Vault maps used:
D:1:      minmay_arrival_jagged, minmay_pentomino_q4
D:2:      first_ration, grunt_qazlal_sundering
D:4:      makhleb_grotto_becter, minmay_temple_entry_poolview,
          cheibrodos_sewer_entry_bend, serial_glass, glass_columns_a,
          glass_columns_b, enter_ossuary_3

Skill      XL: |  1  2  3  4 |
---------------+-------------+-----
Invocations    | 1 |  1.6
Short Blades   | 1 |  1.4
Long Blades    | 1 |  1.4
Axes           | 1 |  1.4
Maces & Flails | 1 |  1.4
Polearms       | 1 |  1.4
Staves         | 1 |  1.4
Slings         | 1 |  1.4
Bows           | 1 |  1.4
Throwing       | 1 |  1.4
Stealth        | 1 |  1.4
Shields        | 1 |  1.4
Spellcasting   | 1 |  1.4
Conjurations   | 1 |  1.1
Hexes          | 1 |  1.1
Charms         | 1 |  1.1
Summonings     | 1 |  1.1
Necromancy     | 1 |  1.1
Translocations | 1 |  1.1
Transmutations | 1 |  1.1
Fire Magic     | 1 |  1.1
Ice Magic      | 1 |  1.1
Air Magic      | 1 |  1.1
Earth Magic    | 1 |  1.1
Poison Magic   | 1 |  1.1
Fighting       | |  6.7
Crossbows      | |  2.9
Armour         | |  2.9
Dodging        | |  2.9
Unarmed Combat | |  4.7
Evocations     | |  4.7

Action                   |  1- 3 |  4- 6 || total
-------------------------+-------+-------++-------
Melee: Dagger            |   168 |    25 ||   193
       Bite              |    16 |    19 ||    35
       Punch             |     3 |       ||     3
       Mace              |       |    70 ||    70
  Use: Scroll            |     5 |       ||     5
       Potion            |     1 |     5 ||     6
  Eat: Chunk             |     2 |       ||     2
       Ration            |       |     1 ||     1
Armor: Scale mail        |    90 |    68 ||   158
Dodge: Dodged            |   110 |    64 ||   174

Table legend:
 A = Spawn XP
 B = Non-spawn XP
 C = Spawn XP percentage of total XP
 D = Spawn monster count
 E = Non-spawn monster count
 F = Spawn count percentage of total count
 G = Total turns spent on level
                    A         B        C        D         E        F      G
               +---------+---------+-------+---------+---------+-------+---------
         Total |       0 |     227 |   0.0 |       0 |      39 |   0.0 |  2646
               +---------+---------+-------+---------+---------+-------+---------
           D:1 |       0 |      13 |   0.0 |       0 |       8 |   0.0 |   603
           D:2 |       0 |     100 |   0.0 |       0 |      17 |   0.0 |  1670
           D:3 |       0 |      80 |   0.0 |       0 |      13 |   0.0 |   331
           D:4 |       0 |      34 |   0.0 |       0 |       1 |   0.0 |    42
               +---------+---------+-------+---------+---------+-------+---------
